 Dungeon Crawl Stone Soup version 0.17-a0-2127-g1cb09f6 (webtiles) character file.

41 Eptagon the Vexing (level 3, -5/16 HPs)
             Began as a Vine Stalker Enchanter on Oct 22, 2015.
             Was an Initiate of Gozag.
             Slain by an ogre
             ... wielding a +0 giant club
              (21 damage)
             ... on level 3 of the Dungeon.
             The game lasted 00:03:49 (1526 turns).

Eptagon the Vexing (Vine Stalker Enchanter)         Turns: 1526, Time: 00:03:49

Health: -5/16      AC:  3    Str: 10    XL:     3   Next: 52%
Magic:  0/7        EV: 12    Int: 15    God:    Gozag
Gold:   83         SH:  0    Dex: 15    Spells: 2 memorised, 2 levels left

rFire  + . .     SeeInvis .     a - +1 dagger
rCold  . . .     Clarity  .     g - +1 robe
rNeg   . . .     SustAt   .     (no shield)
rPois  .         Gourm    .     (no helmet)
rElec  .         Spirit   +     (no cloak)
rCorr  .         Warding  .     (no gloves)
rMut   .         Stasis   .     (no boots)
MR     .....                    (no amulet)
Stlth  +++.......               (no ring)
                                e - ring of protection from fire

@: not resistant to hostile enchantments, fairly stealthy
A: fangs 2, regeneration 1, magic shield, antimagic bite, no device heal 3, rot
immunity
a: Potion Petition, Call Merchant, Bribe Branch, Renounce Religion


You were on level 3 of the Dungeon.
You worshipped Gozag.
Gozag was noncommittal.
You were not hungry.

You visited 1 branch of the dungeon, and saw 3 of its levels.

You collected 101 gold pieces.
You paid 18 gold pieces to Gozag.

Inventory:

Hand Weapons
 a - a +1 dagger (weapon)
 b - a +0 short sword of venom
Armour
 g - a +1 robe (worn)
Jewellery
 e - a ring of protection from fire (left hand)
Scrolls
 h - a scroll of enchant weapon {unknown}
 i - 3 scrolls of amnesia
 j - a scroll of identify {unknown}
 n - a scroll of fog {unknown}
 p - a scroll of remove curse {unknown}
Potions
 f - a potion of agility {unknown}
 l - a potion of magic {unknown}
 m - a potion of might {unknown}
 o - a potion of brilliance {unknown}
Books
 c - a book of Maledictions

   Spells                             Type                      Level
   a - Corona                         Hexes                        1
   b - Ensorcelled Hibernation        Hexes/Ice                    2
   c - Confuse                        Hexes                        3
   d - Tukima's Dance                 Hexes                        3
   e - Dazzling Spray                 Conjuration/Hexes            3
Comestibles
 d - 4 bread rations


   Skills:
 - Level 0.8 Short Blades
 - Level 1.5 Dodging
 + Level 3.8 Stealth
 + Level 2.5 Spellcasting
 * Level 4.0 Hexes


You had 2 spell levels left.
You knew the following spells:

 Your Spells              Type           Power        Failure   Level  Hunger
a - Ensorcelled Hibernat  Hex/Ice        #.....       14%         2    ###....
c - Confuse               Hex            ##......     14%         3    ###....


Dungeon Overview and Level Annotations

Branches:
Dungeon (3/15)

Altars:
Elyvilon
Gozag


Innate Abilities, Weirdness & Mutations

You have extremely sharp teeth.
Your natural rate of healing is unusually fast.
When hurt, damage is shared between your health and your magic reserves.
Your bite disrupts and absorbs the magic of your enemies.
Potions and wands cannot restore your health.
You are immune to rotting.


Message History

An orc comes into view. It is wielding a falchion.
The giant gecko misses you.
The giant gecko bites you but does no damage. x2
A hobgoblin, a kobold and an orc come into view.
An orc comes into view. It is wielding a flail.
Found 18 gold pieces.
Cast which spell? (? or * to list)
Aiming: Confuse
Press: ? - help, Shift-Dir - straight line, f - ogre
Aim: an ogre, wielding a giant club (chance to defeat MR: 45%)
The ogre resists with some effort.
The ogre barely misses you.
Casting: Confuse
Confirm with . or Enter, or press ? or * to list all spells.
Aiming: Confuse
Press: ? - help, Shift-Dir - straight line, f/p - ogre
Aim: an ogre, wielding a giant club (chance to defeat MR: 45%)
The ogre resists with some effort.
The ogre hits you with a giant club!!
Ouch! That really hurt!
You die...
Your body crumbles into a pile of gold.

#. .# # ##
...... . .
.###..##$ .# #.
........# .#
#..##...##.###.#
#..#.....#.....#
#......(...@..#
#.#.....###O###
#...<....#....#
#.###....l....#
####.#....#
#.##.#.#
...#.#.#
.....o#.#
.......#.#


You could see an ogre and an orc (sleeping).

Vanquished Creatures
  A worm (D:1)
  2 giant geckos (D:1)
  2 giant cockroaches (D:1)
  6 goblins
  5 hobgoblins (D:1)
  3 kobolds
  9 bats
  5 giant newts
  2 jackals (D:1)
35 creatures vanquished.

Notes
Turn   | Place    | Note
--------------------------------------------------------------
     0 | D:1      | Eptagon the Vine Stalker Enchanter began the quest for the Orb.
     0 | D:1      | Reached XP level 1. HP: 9/9 MP: 4/4
   183 | D:1      | Reached XP level 2. HP: 13/13 MP: 6/6
   524 | D:1      | Reached XP level 3. HP: 16/16 MP: 7/7
   957 | D:2      | Found an opulent altar of Gozag.
   975 | D:2      | Reached skill level 4 in Hexes
   981 | D:2      | Became a worshipper of Gozag Ym Sagoz the Greedy
  1049 | D:2      | Found a white marble altar of Elyvilon.
  1097 | D:2      | Learned a level 2 spell: Ensorcelled Hibernation
  1101 | D:2      | Learned a level 3 spell: Confuse
  1513 | D:3      | Noticed an ogre
  1526 | D:3      | Slain by an ogre

Vault maps used:
D:1:      dpeg_arrival_pits, solitary_fountain, kennysheep_decorative_pillar,
          due_unseen_surprise
D:2:      lemuel_crystal_altar, serial_bayou_lagoon_a, grunt_gozag_statues
D:3:      first_bread, uniq_purgy

Action                   || total
-------------------------++-------
Melee: Dagger            ||   115
 Cast: Confuse           ||     2
  Use: Scroll            ||     1
 Stab: Sleeping          ||    13
  Eat: Meat ration       ||     1
